 Dungeon Crawl Stone Soup version 0.29-a0-668-g12ee2bf84d (webtiles) character file.

Game seed: 13808270338409902205

260472 Sobieck the Crack Shot (level 20, -3/204 HPs)
             Began as a Tengu Hunter on June 22, 2022.
             Was a High Priest of Fedhas.
             Slain by a ghost moth (9 damage)
             ... on level 1 of the Spider Nest on June 24, 2022.
             The game lasted 02:36:18 (41666 turns).

Sobieck the Crack Shot (Tengu Hunter)              Turns: 41666, Time: 02:36:19

Health: -3/204     AC: 15    Str: 13 (14) XL:     20   Next: 34%
Magic:  0/29       EV: 30    Int: 12 (14) God:    Fedhas [*****.]
Gold:   4196       SH:  0    Dex: 23      Spells: 17/29 levels left

rFire   + . .      SeeInvis .   b - +6 longbow (freeze) {bow}
rCold   + + .      Faith    .   (shield currently unavailable)
rNeg    + . .      Spirit   .   S - +4 troll leather armour {Snorg}
rPois   +          Reflect  .   k - +2 hat
rElec   +          Harm     .   l - +1 cloak "Zysuo" {rElec rPois rC+ Dex-4}
rCorr   .          Rampage  .   w - +0 pair of gloves of Patience {rF+ Int+4}
Will    ++...                   (boots unavailable)
Stlth   ..........              V - amulet of regeneration {@e2}
HPRegen 2.04/turn               j - ring of the Stag {Wiz rElec rC+}
MPRegen 0.21/turn               K - ring "Gilix" {rN+ Will+ Dex+3 Stlth+}

@: berserking, lethally poisoned (-3 -> -3), spiked, flying quickly and
evasively, studying Axes, very quick
A: beak, talons 3, nimble flight
}: 1/15 runes: barnacled
a: Renounce Religion, Wall of Briars, Grow Ballistomycete, Overgrow, Grow Oklob


You were on level 1 of the Spider Nest.
You worshipped Fedhas.
Fedhas was extremely pleased with you.
You visited 8 branches of the dungeon, and saw 34 of its levels.
You visited the Abyss 1 time.
You also visited: Gauntlet, Ice Cave and Volcano.

You collected 4478 gold pieces.
You spent 282 gold pieces at shops.


Innate Abilities, Weirdness & Mutations

You have a beak for a mouth.
You have claws for feet.
Your magical nature lets you fly swiftly and evasively.


   Skills:
 + Level 18.2 Fighting
 - Level 22.0 Bows
 - Level 9.0 Armour
 + Level 16.8 Dodging
 + Level 7.9 Stealth
 - Level 5.0 Spellcasting
 + Level 9.5 Conjurations
 + Level 6.0 Transmutations
 + Level 11.2 Invocations


You had 17 spell levels left.
You knew the following spells:

 Your Spells              Type           Power      Damage    Failure   Level
a - Irradiate             Conj/Tmut      10%        3d16      12%         5
b - Yara's Violent Unrav  Hex/Tmut       5%         3d4       58%         5
c - Wereblood             Tmut           17%        N/A       1%          2

Your spell library contained the following spells:

 Spells                   Type           Power      Damage    Failure   Level
 Beastly Appendage        Tmut           34%        N/A       1%          1
 Sting                    Tmut/Pois      40%        1d5       2%          1
 Static Discharge         Conj/Air       14%        N/A       2%          2
 Stone Arrow              Conj/Erth      28%        3d8       4%          3
 Iskenderun's Battlesphe  Conj           25%        2d8       6%          5
 Mephitic Cloud           Conj/Pois/Air  10%        N/A       9%          3
 Necrotize                Necr           12%        1d4       10%         1
 Summon Small Mammal      Summ           12%        N/A       10%         1
 Ignite Poison            Fire/Tmut/Pois 7%         N/A       13%         3
 Sticky Flame             Conj/Fire      14%        2d4       14%         4
 Blink                    Tloc           6%         N/A       16%         2
 Poisonous Vapours        Pois/Air       6%         N/A       16%         2
 Sublimation of Blood     Necr           3%         N/A       16%         2
 Gell's Gravitas          Tloc           3%         N/A       28%         3
 Lesser Beckoning         Tloc           3%         N/A       28%         3
 Ozocubu's Armour         Ice            3%         N/A       28%         3
 Teleport Other           Tloc           3%         N/A       28%         3
 Fireball                 Conj/Fire      7%         3d5       34%         5
 Lightning Bolt           Conj/Air       7%         1d19      34%         5
 Freezing Cloud           Conj/Ice/Air   5%         6-21      56%         5
 Alistair's Intoxication  Tmut/Pois      6%         N/A       58%         5
 Animate Armour           Summ/Erth      6%         N/A       65%         4
 Animate Dead             Necr           3%         N/A       65%         4
 Corpse Rot               Necr/Pois/Air  3%         N/A       65%         4
 Dispel Undead            Necr           3%         3d7       65%         4
 Leda's Liquefaction      Hex/Erth       1%         N/A       65%         4
 Summon Lightning Spire   Summ/Air       3%         N/A       65%         4
 Orb of Destruction       Conj           12%        9d7       82%         7
 Conjure Ball Lightning   Conj/Air       7%         3x3d6     88%         6
 Borgnjor's Vile Clutch   Necr/Erth      1%         N/A       92%         5
 Lee's Rapid Deconstruct  Erth           1%         3d5*      92%         5
 Manifold Assault         Tloc           3%         N/A       92%         5
 Summon Forest            Summ/Tloc      1%         N/A       92%         5
 Summon Mana Viper        Hex/Summ       3%         N/A       92%         5
 Eringya's Noxious Bog    Tmut/Pois      5%         N/A       98%         6
 Statue Form              Tmut/Erth      6%         N/A       98%         6
 Death Channel            Necr           1%         N/A       100%        6
 Dispersal                Tloc           1%         N/A       100%        6
 Summon Cactus Giant      Summ           1%         N/A       100%        6
 Ozocubu's Refrigeration  Ice            1%         4d5       100%        7
 Summon Hydra             Summ           1%         N/A       100%        7
 Lehudib's Crystal Spear  Conj/Erth      7%         10d3      100%        8
 Maxwell's Capacitive Co  Air            1%         ∞         100%        8
 Death's Door             Necr           1%         N/A       100%        9
 Dragon's Call            Summ           1%         N/A       100%        9

Inventory:

Hand Weapons
 a - the +5 longbow of Chagrin {flame, +Blink rElec rC- rN+, bow}
   (You acquired it on level 3 of the Dungeon)

   Any ammunition fired from it burns those it strikes, dealing additional fire
   damage.
   rC:        It makes you vulnerable to cold.
   rElec:     It insulates you from electricity.
   rN:        It protects you from negative energy.
   +Blink:    It lets you blink.
 b - a +6 longbow of freezing (weapon) {bow}
   (You took it off a centaur warrior on level 15 of the Dungeon)
Missiles
 h - 6 javelins {throwing}
 o - 16 silver javelins {throwing}
 t - 22 boomerangs {throwing}
 D - 2 silver boomerangs {throwing}
 N - 7 throwing nets {=f!fthrowing}
 U - 9 curare-tipped darts {=fthrowing}
Armour
 k - a +2 hat (worn)
   (You found it on level 9 of the Dungeon)
 l - the +1 cloak "Zysuo" (worn) {rElec rPois rC+ Dex-4}
   (You acquired it on level 13 of the Dungeon)

   Dex:       It affects your dexterity (-4).
   rC:        It protects you from cold.
   rElec:     It insulates you from electricity.
   rPois:     It protects you from poison.
 w - the +0 pair of gloves of Patience (worn) {rF+ Int+4}
   (You found it in a Gauntlet)

   Int:       It affects your intelligence (+4).
   rF:        It protects you from fire.
 S - a +4 troll leather armour (worn) {Snorg}
   (You found it on level 13 of the Dungeon)
Jewellery
 e - a ring of see invisible
   (You acquired it on level 4 of the Vaults)
 g - a ring of positive energy
   (You found it on level 13 of the Dungeon)
 i - the ring of Kedwiuti {AC+4 Dex+4}
   (You found it in an ice cave)

   [ring of protection]

   AC:        It affects your AC (+4).
   Dex:       It affects your dexterity (+4).
 j - the ring of the Stag (left hand) {Wiz rElec rC+}
   (You found it on level 9 of the Dungeon)

   [ring of wizardry]

   It improves your spell success rate.
   rC:        It protects you from cold.
   rElec:     It insulates you from electricity.
 v - a ring of resist corrosion
   (You took it off a centaur on level 9 of the Dungeon)
 C - a ring of protection from fire
   (You found it on level 2 of the Vaults)
 F - a ring of protection from cold
   (You found it on level 14 of the Dungeon)
 H - a ring of protection from fire
   (You found it on level 5 of the Lair of Beasts)
 K - the ring "Gilix" (right hand) {rN+ Will+ Dex+3 Stlth+}
   (You found it on level 4 of the Vaults)

   [ring of willpower]

   Dex:       It affects your dexterity (+3).
   rN:        It protects you from negative energy.
   Will:      It increases your willpower.
   Stlth:     It makes you more stealthy.
 V - an amulet of regeneration (around neck) {@e2}
   (You took it off Maurice on level 12 of the Dungeon)
Wands
 B - a wand of digging (11)
   (You found it on level 6 of the Dungeon)
 E - a wand of iceblast (52)
   (You found it on level 7 of the Dungeon)
 M - a wand of mindburst (22)
   (You found it on level 11 of the Dungeon)
 O - a wand of light (32)
   (You took it off a hobgoblin on level 4 of the Dungeon)
Scrolls
 c - 3 scrolls of immolation {!r!r}
 m - 3 scrolls of enchant armour
 p - 7 scrolls of teleportation {@r4}
 q - 2 scrolls of fear
 x - 5 scrolls of fog
 y - 2 scrolls of vulnerability {!r!r}
 G - 2 scrolls of silence {!r}
 P - 4 scrolls of poison {!r}
 Q - a scroll of blinking {!r}
 X - 5 scrolls of magic mapping {!r}
Potions
 d - a potion of magic
 f - 3 potions of invisibility
 n - 4 potions of berserk rage {!q}
 r - 9 potions of lignification {!q}
 z - 7 potions of attraction {!q}
 A - 2 potions of might
 I - 15 potions of curing {@q1}
 J - 7 potions of mutation {!q}
 R - 2 potions of ambrosia
 T - 4 potions of haste {@q3}
 W - 4 potions of heal wounds {@q2}
 Y - 5 potions of cancellation
 Z - 2 potions of brilliance
Miscellaneous
 s - a tin of tremorstones (2/2) {throwing}
   (You found it on level 14 of the Dungeon)
 u - a lightning rod (4/4)
   (You found it on level 9 of the Dungeon)
 L - a phantom mirror
   (You found it in an ice cave)

Dungeon Overview and Level Annotations

Branches:
Dungeon (15/15) Zot: 25606  Temple (1/1) D:4 Zot: 5966    Lair (6/6) D:9 Zot: 25235
 Shoals (4/4) Lair:3 Zot: 19638  Spider (1/4) Lair:3 Zot: 5320   Slime (0/5) Lair:5
    Orc (2/2) D:10 Zot: 10039     Elf (0/3) Orc:2        Vaults (4/5) D:13 Zot: 17269
  Crypt (1/3) Vaults:3 Zot: 5998  Depths (0/4) D:15          IceCv (visited)
Volcano (visited)         Gauntlet (visited)

Altars:
Ashenzari
Fedhas
Gozag
Kikubaaqudgha
Nemelex Xobeh
Qazlal
Ru
Sif Muna
Trog
Wu Jian
Xom
Zin
The Shining One
Beogh
Jiyva

Shops:
D:2 [   Orc:1 *   Orc:2 ([*=   Vaults:2 !

Portals:
Trove: D:11 (give 2 scrolls of acquirement)

Annotations:
D:8 2 transporters, gebbletook2's ghost, novice VSFi
Lair:3 3 runed translucent doors, Caeppaus's ghost, journeyman GrFi
Lair:4 2 runed translucent doors, zhov's ghost, journeyman SpEn
Vaults:4 exclusion: 3 downstairs

#...^.#....#...##.#.......
###.(..##..###.........#...
...#...##..#..####.....#####.#
#..........s.....####...#####
##.................#....^#
#..#..##..#..#....#..####
#..#.##...##s#....#...# #
#......{#w#...######
.....#...#@s#..##
..#..##.##.y#...
..####...##....## #.
#.....##...# #.....# ...#
#.....# ...# ##(.[## #...#
##### ...# (..


You could see a steelbarb worm (berserk, ally target), a wolf spider (berserk),
a moth of wrath and a redback.


Message History

* * * LOW HITPOINT WARNING * * *
The wolf spider closely misses you.
You feel you are being watched by something.
Something hits you but does no damage. Something closely misses you.
Something stings you but does no damage.
The steelbarb worm closely misses you. The moth of wrath bites you!
* * * LOW HITPOINT WARNING * * *
Unknown command.
You clumsily bash something but do no damage.
You claw something. You peck something.
You feel very sick. The wolf spider misses you.
The wolf spider bites you but does no damage.
The wolf spider misses you. The wolf spider barely misses you.
The steelbarb worm hits you!
* * * LOW HITPOINT WARNING * * *
Barbed spikes become lodged in your body.
Something hits you!
* * * LOW HITPOINT WARNING * * *
Something hits you!
* * * LOW HITPOINT WARNING * * *
Something closely misses you.
The moth of wrath completely misses you.
The wolf spider hits you!
* * * LOW HITPOINT WARNING * * *
The wolf spider bites you.
* * * LOW HITPOINT WARNING * * *
The steelbarb worm misses you.
Unknown command.
Unknown command.
You are too berserk!
Unknown command.
Unknown command.
The barbs in your skin will harm you if you move.
Continue? [Y]es or [N]o only, please.
The barbs in your skin will harm you if you move.
Continue? [Y]es or [N]o only, please.
The barbs in your skin will harm you if you move.
Continue?
Okay, then.
There are monsters nearby!
Really attack while wielding your +6 longbow of freezing {bow}? [Y]es or [N]o only, please.
Really attack while wielding your +6 longbow of freezing {bow}?
Okay, then.
The barbs in your skin will harm you if you move.
Continue?
Okay, then.
The barbs in your skin will harm you if you move.
Continue?
Okay, then.
Unknown command.
You are too berserk!
Unknown command.
Unknown command.
There are monsters nearby!
There are monsters nearby!
There are monsters nearby!
There are monsters nearby!
You feel sick. The wolf spider misses you.
The wolf spider completely misses you.
You feel you are being watched by something.
Something hits you but does no damage. x2
Something stings you but does no damage.
The moth of wrath misses you. The steelbarb worm misses you.
You feel a strong urge to attack something.
You feel sick. The wolf spider misses you. x2
The steelbarb worm hits you but does no damage.
You feel you are being watched by something.
You feel your power leaking away. Something hits you but does no damage.
Something closely misses you. Something barely misses you.
The wolf spider completely misses you. x2
The moth of wrath bites you!
* * * LOW HITPOINT WARNING * * *
Unknown command.
Really attack while wielding your +6 longbow of freezing {bow}? [Y]es or [N]o only, please.
Really attack while wielding your +6 longbow of freezing {bow}? [Y]es or [N]o only, please.
Really attack while wielding your +6 longbow of freezing {bow}?
Okay, then.
Really attack while wielding your +6 longbow of freezing {bow}? [Y]es or [N]o only, please.
Really attack while wielding your +6 longbow of freezing {bow}?
Okay, then.
Really attack while wielding your +6 longbow of freezing {bow}? [Y]es or [N]o only, please.
Really attack while wielding your +6 longbow of freezing {bow}?
You clumsily bash the wolf spider but do no damage.
You claw the wolf spider. You peck the wolf spider!
You feel very sick.
The wolf spider completely misses you. x2; The steelbarb worm hits you.
* * * LOW HITPOINT WARNING * * *
Barbed spikes become lodged in your body.
The wolf spider completely misses you. The wolf spider bites you.
* * * LOW HITPOINT WARNING * * *
You feel you are being watched by something.
Something misses you. Something hits you.
* * * LOW HITPOINT WARNING * * *
You feel weakened. Something stings you!
You die...
Fedhas appreciates your contribution to the ecosystem.

Skill      XL: |  1  2  3  4  5  6  7  8  9 10 11 12 13 14 15 16 17 18 19 20 |
---------------+-------------------------------------------------------------+-----
Bows           | 5 6 7 9 10 13 15 16 17 18 19 20 21 22 | 22.0
Armour         | 3 5 7 9 |  9.0
Invocations    | 3 5 7 9 10 11 | 11.2
Dodging        | 4 6 7 9 11 13 15 16 | 16.8
Fighting       | 4 5 7 8 10 12 14 17 18 | 18.2
Conjurations   | 1 6 8 9 |  9.5
Spellcasting   | 4 5 |  5.0
Stealth        | 5 7 |  7.9
Transmutations | 3 5 6 |  6.0

Action                   |  1- 3 |  4- 6 |  7- 9 | 10-12 | 13-15 | 16-18 | 19-21 || total
-------------------------+-------+-------+-------+-------+-------+-------+-------++-------
Melee: Longbow           |       |       |       |       |     3 |       |     3 ||     6
       Kick              |       |       |       |       |     2 |       |     2 ||     4
       Peck              |       |       |       |       |     1 |       |     2 ||     3
 Fire: Shortbow          |    69 |   135 |       |       |       |       |       ||   204
       Longbow           |       |    36 |   179 |   468 |  1369 |  1641 |   907 ||  4600
Invok: Wall of Briars    |       |       |     5 |    21 |    49 |    52 |    36 ||   163
       Overgrow          |       |       |       |     1 |       |     1 |       ||     2
       Grow Ballistomyce |       |       |       |       |     1 |     3 |     3 ||     7
       Grow Oklob        |       |       |       |       |       |     1 |       ||     1
Evoke: Wand              |       |       |       |       |       |     1 |       ||     1
  Use: Potion            |     2 |     1 |       |     1 |     3 |     4 |     2 ||    13
       Scroll            |       |    13 |     2 |     7 |     7 |    17 |     2 ||    48
Armor: Leather armour    |     9 |    14 |    20 |    24 |       |       |       ||    67
       Troll leather arm |       |       |       |     8 |    97 |   103 |    66 ||   274
Dodge: Dodged            |    19 |    30 |    58 |   137 |   571 |   610 |   491 ||  1916

Levels and vault maps discovered:
D:1:      matt_arrival_diagonals, layout_rooms,
          dreamdust_ecumenical_altar_angels_and_demons
D:2:      layout_basic, serial_shops, nicolae_shop_overgrown_old_shop,
          kennysheep_generic_room_2
D:3:      layout_loops_cross, overflow_temple_1_default, uniq_ijyb, uniq_terence
D:4:      layout_cave_pools, marbit_many_paths, minmay_temple_entry_tees,
          minmay_misc_feat_chi
D:5:      wad_pebble_path, layout_loops_corners, uniq_blork_the_orc,
          uniq_sigmund
D:6:      nicolae_cairo_tiling, layout_cave_pools, zin_angel, st_stairs_8
D:7:      layout_loops_cross, mainiacjoe_overflow_concentric_impassable,
          gammafunk_temple_overflow_statue, enter_bailey_2,
          minmay_stone_trees_small, uniq_crazy_yiuf_cottage, uniq_joseph,
          uniq_pikel
D:8:      wad_cavern_with_rooms, layout_basic, special_room [special_room_orc],
          gammafunk_ghost_wrathful_warriors, minmay_misc_feat_x
D:9:      minmay_the_grid_octo_2x2 [minmay_the_grid_octo_teeth,
          minmay_the_grid_octo_toaster, minmay_the_grid_octo_clover_2,
          minmay_the_grid_octo_prize_square_snowflake], layout_basic,
          lair_entry_dummy
D:10:     nicolae_cairo_tiling_very_big, layout_loops_corners,
          general_overflow_altar, mainiacjoe_overflow_catwalk,
          minmay_orc_entry_guard_dogs, minmay_checkerbox
D:11:     layout_long_grid, enter_trove_2
D:12:     layout_stronghold, st_stairs_5, kiku_gazebo_pond_becter, uniq_maurice,
          uniq_sonja, uniq_kirke, uniq_urug, uniq_azrael, uniq_lodul
D:13:     minmay_distorted_concentric_squares, layout_cave_pods, david_vaults_5,
          minmay_crystal_box, uniq_josephine, uniq_snorg, uniq_erolcha
D:14:     layout_loops_ring, infiniplex_staircase_pillars_3a
D:15:     grunt_enter_depths_magical_seal, layout_stronghold, lemuel_round_altar
Temple:   dpeg_chambers_temple
Lair:1:   layout_regular_city, nicolae_quartered_pool_impasse, uniq_fannar
Lair:2:   layout_misc_corridors
Lair:3:   layout_misc_corridors, elwin_shoals_entry_rooms,
          spider_nest_entry_web_field, ebering_ghost_rock_garden, minivault_24
Lair:4:   layout_layer_cave, ebering_ghost_disaster_area
Lair:5:   layout_roguey, slime_entry_1, nicolae_volcano_entry_two_sided,
          infiniplex_staircase_pool_2, serial_bayou_shore_b, grunt_megastairs_3
Lair:6:   minmay_lair_end_enchanted_forest, layout_gridlike,
          portal_ice_cave_entry_pillars_2, grunt_megastairs_1,
          serial_bayou_shore_a, infiniplex_staircase_pool
Shoals:1: layout_shoals
Shoals:2: layout_shoals, nicolae_shoals_drake_roost
Shoals:3: layout_shoals, uniq_polyphemus, uniq_mara, uniq_ilsuiw
Shoals:4: shoals_end_simple, layout_shoals
Spider:1: layout_spider_delve, nicolae_spider_bug_shape, uniq_rupert,
          uniq_louise
Orc:1:    layout_caves, serial_shops, nicolae_shop_trees
Orc:2:    st_orc_congregation, layout_diamond_mine, basic_altar,
          gauntlet_entry_generic, uniq_donald
Vaults:1: vaults_dpeg_cross, grunt_vaults_twisty, ontoclasm_vaults_gateway,
          nicolae_vaults_network_quinsquares
          [nicolae_vaults_network_quincunx_subvault,
          nicolae_vaults_network_quincunx_subvault,
          nicolae_vaults_network_quincunx_subvault,
          nicolae_vaults_network_quincunx_subvault], vaults_mumra_chevron_long,
          v_pattern_5, v_alt_pattern_2, v_misc_17, nicolae_vaults_back_hallway,
          ontoclasm_vaults_shuriken, nicolae_vaults_asterisk, vaults_dpeg_ring,
          vaults_dpeg_diagonal, layout_vaults_ring, uniq_saint_roka, uniq_nikola
Vaults:2: vaults_mumra_chevron, v_pattern_1, hangedman_vaults_stitches,
          ontoclasm_vaults_twist, ontoclasm_vaults_pinch,
          vaults_mumra_minichess_inversion, v_misc_23,
          nicolae_vaults_angled_halls, nicolae_vaults_big_ls,
          layout_vaults_omnigrid, serial_shops, nicolae_diamond_shop,
          uniq_zenata
Vaults:3: ontoclasm_vaults_decontamination, minmay_crypt_entry_nasty_monster,
          ontoclasm_vaults_chip, vaults_mumra_hexcomb, v_misc_17,
          hangedman_vaults_stretched_pinwheel, grunt_vaults_funnel,
          ontoclasm_vaults_ligature, v_misc_23, v_misc_2, vaults_room_door_ring,
          nicolae_vaults_little_squares_1, vaults_dpeg_encased_lava,
          ontoclasm_vaults_idyll, nicolae_vaults_mini_display_case,
          nicolae_vaults_circle_grid_a, layout_vaults_big_cross, uniq_asterion
Vaults:4: v_misc_27, vaults_room_corners, v_alt_pattern_2,
          vaults_room_door_ring, v_misc_2, ontoclasm_vaults_chip,
          nicolae_vaults_little_squares_6, nicolae_vaults_network_periphery,
          vaults_room_stairs_pillars, vaults_room_door_ring, vaults_mumra_lcd,
          nicolae_vaults_angled_halls, v_misc_16, layout_vaults_maze
Crypt:1:  layout_regular_city, uniq_vv

Notes
Turn   | Place    | Note
-------+----------+-------------------------------------------
     0 | D:1      | Sobieck the Tengu Hunter began the quest for the Orb.
     0 | D:1      | Reached XP level 1. HP: 12/12 MP: 2/2
    75 | D:1      | HP: 1/12 [quokka (4)]
    78 | D:1      | Reached XP level 2. HP: 1/17 MP: 3/3
   415 | D:1      | HP: 3/17 [gnoll/+0 flail (6)]
   417 | D:1      | Reached skill level 5 in Bows
   877 | D:1      | Found a faded altar of an unknown god.
   879 | D:1      | Reached XP level 3. HP: 21/21 MP: 4/4
   894 | D:1      | You add the spells Ignite Poison, Mephitic Cloud and
                  | Freezing Cloud to your library.
   956 | D:1      | You add the spells Necrotize, Summon Small Mammal, Death's
                  | Door and Dragon's Call to your library.
   956 | D:1      | Got the Tome of Creative Darkness
  1181 | D:2      | You fall into a shaft and drop 2 floors!
  1355 | D:4      | Found a staircase to the Ecumenical Temple.
  1381 | D:4      | Reached skill level 6 in Bows
  1381 | D:4      | Reached XP level 4. HP: 26/26 MP: 5/5
  1424 | Temple   | Entered the Ecumenical Temple
  1444 | Temple   | Became a worshipper of Fedhas Madash
  1471 | D:4      | You pick up a book of the Earth and begin reading...
  1471 | D:4      | You add the spells Leda's Liquefaction, Lee's Rapid
                  | Deconstruction and Statue Form to your library.
  1531 | D:3      | Noticed Ijyb
  1689 | D:4      | HP: 6/26 [orc priest/nerve-wracking pain (8)]
  1699 | D:3      | Noticed Terence
  2040 | D:3      | HP: 6/26 [Ijyb/+0 club (5)]
  2434 | D:2      | Found Pamuiz Jinn's Antique Armour Emporium.
  3028 | D:2      | Gained mutation: Your magical nature lets you fly swiftly
                  | and evasively. [Tengu growth]
  3028 | D:2      | Reached XP level 5. HP: 30/30 MP: 6/6
  3154 | D:2      | You pick up a book of Blood and begin reading...
  3154 | D:2      | You add the spells Sublimation of Blood, Wereblood and
                  | Summon Hydra to your library.
  3270 | D:2      | Reached * piety under Fedhas
  3280 | D:2      | Reached skill level 7 in Bows
  3365 | D:2      | You pick up a book of the Earth and begin reading...
  3677 | D:3      | Found a shimmering altar of Xom.
  3822 | D:3      | HP: 7/30 [Ijyb/+0 club (7)]
  3847 | D:3      | Killed Ijyb
  4309 | D:3      | Killed Terence
  4327 | D:3      | Identified a scroll of acquirement
  4327 | D:3      | Acquired the +5 longbow of Chagrin {flame, +Blink rElec rC-
                  | rN+}
  4393 | D:4      | Reached XP level 6. HP: 22/35 MP: 7/7
  4577 | D:4      | Reached skill level 8 in Bows
  4890 | D:4      | Found a shimmering blue altar of Sif Muna.
  4962 | D:5      | Entered Level 5 of the Dungeon
  5011 | D:6      | Identified the +4 ring mail of the Barnacle {rC+ Dex+5}
  5190 | D:5      | Noticed Sigmund
  5192 | D:5      | Killed Sigmund
  5193 | D:5      | Reached skill level 9 in Bows
  5193 | D:5      | Reached XP level 7. HP: 40/40 MP: 8/8
  5204 | D:5      | Noticed Blork the orc
  5208 | D:5      | Killed Blork the orc
  5208 | D:5      | Reached ** piety under Fedhas
  5350 | D:5      | Reached skill level 10 in Bows
  6061 | D:6      | Reached XP level 8. HP: 44/44 MP: 9/9
  6128 | D:6      | Reached skill level 11 in Bows
  6429 | D:6      | Reached skill level 12 in Bows
  6564 | D:6      | Identified the +5 leather armour of Going Fast {*Corrode
                  | rElec rF++ Str+2}
  6592 | D:6      | Noticed an angel
  6593 | D:6      | Found a glowing silver altar of Zin.
  6785 | D:7      | Noticed a wyvern
  6794 | D:7      | Killed a wyvern
  6795 | D:7      | Reached skill level 13 in Bows
  6795 | D:7      | Reached XP level 9. HP: 37/48 MP: 10/10
  6873 | D:7      | Identified the +2 flail "Goiwk" {antimagic, Dex+6 Stlth-}
  7035 | D:7      | Noticed Pikel
  7045 | D:7      | Killed Pikel
  7126 | D:7      | Found a runed translucent door.
  7126 | D:7      | Identified the +6 mace "Inlomup" {vamp, rCorr}
  7127 | D:7      | Noticed Crazy Yiuf
  7134 | D:7      | Killed Crazy Yiuf
  7365 | D:8      | Reached skill level 14 in Bows
  7497 | D:8      | Reached *** piety under Fedhas
  7507 | D:8      | Found a bloodstained altar of Trog.
  7507 | D:8      | Noticed gebbletook2's ghost (novice VSFi)
  7511 | D:8      | Found a transporter.
  7515 | D:8      | Found a transporter.
  7518 | D:8      | Noticed a moth of wrath
  7767 | D:8      | Reached skill level 15 in Bows
  7862 | D:8      | Reached XP level 10. HP: 49/53 MP: 11/11
  8490 | D:7      | Found a broken altar of Ashenzari.
  8496 | D:7      | Noticed Joseph
  8554 | D:7      | Killed Joseph
  8555 | D:7      | Reached skill level 16 in Bows
  8577 | D:7      | Identified the +8 rapier of Change {vorpal, Will+ rCorr
                  | Str+2 Int+2}
  8781 | D:7      | Found a sacrificial altar of Ru.
  8782 | D:7      | Found a stormy altar of Qazlal.
  8911 | D:9      | Reached skill level 1 in Armour
  8911 | D:9      | Reached skill level 1 in Invocations
  8973 | D:9      | HP: 6/54 [unseen horror simulacrum (18)]
  8980 | D:9      | Noticed a two-headed ogre
  8981 | D:9      | Reached skill level 3 in Dodging
  8985 | D:9      | Killed a two-headed ogre
  8986 | D:9      | Reached skill level 3 in Fighting
  8986 | D:9      | Reached skill level 2 in Armour
  8986 | D:9      | Reached skill level 2 in Invocations
  9404 | D:9      | Noticed a manticore
  9405 | D:9      | Reached skill level 3 in Armour
  9411 | D:9      | Reached skill level 4 in Dodging
  9414 | D:9      | Noticed a deep elf pyromancer
  9416 | D:9      | Killed a manticore
  9419 | D:9      | Killed a deep elf pyromancer
  9420 | D:9      | Reached skill level 4 in Fighting
  9420 | D:9      | Reached skill level 3 in Invocations
  9420 | D:9      | Reached XP level 11. HP: 31/61 MP: 8/14
  9639 | D:9      | Noticed a four-headed hydra
  9654 | D:9      | Killed a four-headed hydra
  9655 | D:9      | Reached skill level 4 in Armour
  9663 | D:9      | Noticed a manticore
  9665 | D:9      | Killed a manticore
  9666 | D:9      | Reached skill level 5 in Dodging
  9836 | D:9      | Noticed a two-headed ogre
  9840 | D:9      | Killed a two-headed ogre
  9841 | D:9      | Reached skill level 4 in Invocations
  9932 | D:9      | Reached **** piety under Fedhas
 10006 | D:9      | Identified the ring of the Stag {Wiz rElec rC+}
 10014 | D:9      | You add the spells Ozocubu's Armour and Ozocubu's
                  | Refrigeration to your library.
 10018 | D:9      | Identified the +1 leather armour "Qairchao" {rC- Int+5}
 10099 | D:9      | Found a staircase to the Lair.
 10520 | D:10     | Entered Level 10 of the Dungeon
 10550 | D:10     | Found an opulent altar of Gozag.
 10722 | D:10     | Found a sparkling altar of Nemelex Xobeh.
 10805 | D:10     | Reached skill level 5 in Fighting
 11011 | D:10     | Found a staircase to the Orcish Mines.
 11021 | D:10     | Reached skill level 5 in Armour
 11168 | D:10     | Noticed a cyclops
 11171 | D:10     | Killed a cyclops
 11171 | D:10     | Noticed a deep elf pyromancer
 11173 | D:10     | Killed a deep elf pyromancer
 11174 | D:10     | Reached skill level 5 in Invocations
 11759 | D:11     | Reached skill level 6 in Dodging
 11825 | D:11     | Noticed a two-headed ogre
 11828 | D:11     | Killed a two-headed ogre
 11847 | D:11     | Reached XP level 12. HP: 69/69 MP: 17/17
 11862 | D:11     | You pick up a book of Unlife and begin reading...
 11862 | D:11     | You add the spells Animate Dead, Borgnjor's Vile Clutch and
                  | Death Channel to your library.
 12062 | D:11     | Reached skill level 6 in Armour
 12062 | D:11     | Reached skill level 6 in Invocations
 12118 | D:11     | You pick up a book of Spatial Translocations and begin
                  | reading...
 12118 | D:11     | You add the spells Blink, Lesser Beckoning and Manifold
                  | Assault to your library.
 12205 | D:11     | Found a portal to a secret trove of treasure.
 12209 | D:11     | This trove needs 2 scrolls of acquirement to function. Give
                  | it the items?
 12458 | D:12     | Reached skill level 6 in Fighting
 12458 | D:12     | Reached skill level 17 in Bows
 12491 | D:12     | Noticed Maurice
 12525 | D:12     | Killed Maurice
 12570 | D:12     | Noticed Azrael
 12679 | Lair:1   | Entered Level 1 of the Lair of Beasts
 12988 | Lair:1   | Noticed Fannar
 13000 | Lair:1   | HP: 14/71 [ice beast[Fannar] (11)]
 13005 | Lair:1   | Killed Fannar
 13006 | Lair:1   | Reached skill level 7 in Dodging
 13066 | Lair:1   | You are sucked into a shaft and drop 1 floor!
 13073 | Lair:2   | Reached skill level 7 in Invocations
 13216 | Lair:2   | Reached skill level 7 in Armour
 13804 | Lair:2   | Reached skill level 7 in Fighting
 13819 | Lair:2   | Noticed a four-headed hydra
 13825 | Lair:2   | Killed a four-headed hydra
 13826 | Lair:2   | Reached XP level 13. HP: 76/76 MP: 15/19
 14215 | Lair:2   | Reached skill level 8 in Invocations
 14335 | Lair:3   | You add the spells Gell's Gravitas, Teleport Other and
                  | Dispersal to your library.
 14440 | Lair:3   | Found a runed translucent gate.
 14440 | Lair:3   | Found a runed translucent gate.
 14440 | Lair:3   | Found a runed translucent gate.
 14440 | Lair:3   | Noticed Caeppaus's ghost (journeyman GrFi)
 14471 | Lair:3   | Found a hole to the Spider Nest.
 14523 | Lair:3   | Reached skill level 8 in Dodging
 14841 | Lair:3   | Found a staircase to the Shoals.
 15318 | Lair:4   | Reached skill level 8 in Armour
 15594 | Lair:4   | Found a large runed translucent door.
 15594 | Lair:4   | Found a large runed translucent door.
 15614 | Lair:4   | Noticed zhov's ghost (journeyman SpEn)
 16296 | Lair:5   | Reached skill level 9 in Invocations
 16346 | Lair:5   | Reached skill level 8 in Fighting
 16354 | Lair:5   | Reached ***** piety under Fedhas
 16391 | Lair:5   | Found a dark tunnel.
 16398 | Volcano  | Entered a volcano
 16609 | Lair:5   | Reached skill level 9 in Dodging
 16658 | Lair:5   | Found a staircase to the Slime Pits.
 16659 | Lair:5   | Found a viscous altar of Jiyva.
 16717 | Lair:5   | Reached skill level 18 in Bows
 16735 | Lair:5   | Reached skill level 9 in Armour
 17216 | Lair:6   | Entered Level 6 of the Lair of Beasts
 17218 | Lair:6   | Found a frozen archway.
 17224 | IceCv    | Entered an ice cave
 17230 | IceCv    | Reached XP level 14. HP: 79/84 MP: 17/21
 17355 | IceCv    | Identified the ring of Kedwiuti {AC+4 Dex+4}
 17376 | IceCv    | Reached skill level 9 in Fighting
 17445 | IceCv    | Reached skill level 10 in Dodging
 18349 | Lair:6   | Reached skill level 10 in Fighting
 18387 | Lair:6   | Reached skill level 11 in Dodging
 18619 | Lair:6   | Reached skill level 19 in Bows
 19089 | Lair:6   | Reached XP level 15. HP: 82/93 MP: 22/22
 19219 | Lair:6   | Reached skill level 11 in Fighting
 19247 | Lair:6   | Reached skill level 12 in Dodging
 19309 | Lair:6   | Reached ****** piety under Fedhas
 20063 | D:12     | Found an ancient bone altar of Kikubaaqudgha.
 20094 | D:12     | You pick up a book of the Earth and begin reading...
 20187 | D:12     | Noticed Kirke
 20210 | D:12     | Noticed a sphinx
 20260 | D:12     | Noticed Urug
 20271 | D:12     | Killed Urug
 20290 | D:12     | Noticed Sonja
 20294 | D:12     | Killed Sonja
 20331 | D:12     | Noticed Lodul
 20334 | D:12     | Killed Lodul
 20419 | Orc:1    | Entered Level 1 of the Orcish Mines
 20725 | Orc:1    | Found Mipp's General Store.
 20734 | Orc:1    | Bought a scroll of teleportation for 48 gold pieces
 20734 | Orc:1    | Bought a scroll of teleportation for 48 gold pieces
 21104 | Orc:2    | Entered Level 2 of the Orcish Mines
 21155 | Orc:2    | Noticed Donald
 21223 | Orc:2    | Found a gate leading to a gauntlet.
 21247 | Gauntlet | Entered a Gauntlet
 21247 | Gauntlet | Found a transporter.
 21256 | Gauntlet | Found a transporter.
 21272 | Gauntlet | Found a transporter.
 21276 | Gauntlet | Found a transporter.
 21282 | Gauntlet | Found a transporter.
 21300 | Gauntlet | Found a runed translucent door.
 21302 | Gauntlet | Found a transporter.
 21306 | Gauntlet | Found a transporter.
 21307 | Gauntlet | Found a runed translucent door.
 21310 | Gauntlet | Found a transporter.
 21343 | Gauntlet | Found a transporter.
 21353 | Gauntlet | Found a transporter.
 21369 | Gauntlet | Found a transporter.
 21383 | Gauntlet | Found a transporter.
 21453 | Gauntlet | Identified the +0 pair of gloves of Patience {rF+ Int+4}
 21584 | Gauntlet | Identified the +7 halberd of Kindness {flame, Contam *Noise
                  | rElec Dex+9}
 21584 | Gauntlet | Identified the amulet "Toaluerch" {Faith Will+}
 21585 | Gauntlet | You pick up a book of Unlife and begin reading...
 21585 | Gauntlet | You add the spells Beastly Appendage, Irradiate, Yara's
                  | Violent Unravelling and Alistair's Intoxication to your
                  | library.
 21585 | Gauntlet | Got Sif Muna's Almanac of Changing
 21863 | Orc:2    | Killed Donald
 21864 | Orc:2    | Reached skill level 12 in Fighting
 21873 | Orc:2    | Reached skill level 13 in Dodging
 21915 | Orc:2    | Found a staircase to the Elven Halls.
 22119 | Orc:2    | Identified a +2 robe of the Archmagi
 22196 | Orc:2    | Reached skill level 20 in Bows
 22461 | Orc:2    | Noticed an orc warlord
 22473 | Orc:2    | Killed an orc warlord
 22884 | Orc:2    | Found Huptogh's Antique Armour Shoppe.
 22885 | Orc:2    | Found Ochisaop's Antique Weapon Shoppe.
 22888 | Orc:2    | Found Elefowna's General Store.
 22888 | Orc:2    | Found Ihag's Jewellery Emporium.
 22914 | Orc:2    | Bought a scroll of identify for 28 gold pieces
 22914 | Orc:2    | Bought a scroll of identify for 28 gold pieces
 22996 | Orc:1    | Upgraded the game from 0.29-a0-664-gff9cad4a3d to
                  | 0.29-a0-668-g12ee2bf84d
 23270 | D:12     | Killed Azrael
 23305 | D:12     | Killed Kirke
 23991 | D:13     | Reached XP level 16. HP: 103/103 MP: 23/23
 24196 | D:13     | Noticed Snorg
 24212 | D:13     | Killed Snorg
 24286 | D:13     | Found a runed translucent door.
 24323 | D:13     | Noticed Erolcha
 24329 | D:13     | Killed Erolcha
 24358 | D:13     | Noticed Josephine
 24366 | D:13     | Killed Josephine
 24606 | D:13     | Found a gate to the Vaults.
 24988 | D:13     | Reached skill level 14 in Dodging
 25129 | D:13     | You add the spells Sting, Summon Lightning Spire and
                  | Eringya's Noxious Bog to your library.
 25129 | D:13     | Got the Volume of Cloudy Intoxication
 25132 | D:13     | You pick up a book of the Wilderness and begin reading...
 25132 | D:13     | You add the spells Summon Forest, Summon Mana Viper and
                  | Summon Cactus Giant to your library.
 25188 | D:13     | Acquired the +1 cloak "Zysuo" {rElec rPois rC+ Dex-4}
 25290 | D:13     | Reached skill level 13 in Fighting
 26231 | D:15     | Entered Level 15 of the Dungeon
 26579 | D:15     | Found a staircase to the Depths.
 26836 | D:15     | Found a shimmering blue altar of Sif Muna.
 27163 | D:15     | Reached skill level 21 in Bows
 27516 | Spider:1 | Entered Level 1 of the Spider Nest
 27775 | Spider:1 | Noticed Louise
 27797 | Spider:1 | Killed Louise
 27800 | Spider:1 | C - a +0 eveningstar of holy wrath {macerare=g}
 27873 | Spider:1 | Noticed Rupert
 27890 | Spider:1 | Paralysed by Rupert for 5 turns
 27927 | Spider:1 | Killed Rupert
 27928 | Spider:1 | Reached skill level 15 in Dodging
 28027 | Spider:1 | Reached skill level 14 in Fighting
 28314 | Shoals:1 | Entered Level 1 of the Shoals
 28523 | Shoals:1 | Reached XP level 17. HP: 111/111 MP: 24/24
 29220 | Shoals:2 | Noticed a kraken
 29498 | Shoals:2 | You pick up a book of Vapours and begin reading...
 29498 | Shoals:2 | You add the spells Poisonous Vapours and Corpse Rot to your
                  | library.
 29733 | Shoals:2 | Killed a kraken
 29941 | Shoals:3 | Noticed Ilsuiw
 30119 | Shoals:2 | You drop a +0 eveningstar of holy wrath {macerare=g}.
 30132 | Shoals:3 | Noticed Polyphemus
 30148 | Shoals:3 | Killed Polyphemus
 30185 | Shoals:2 | K - a +0 eveningstar of holy wrath {macerare=g}
 30261 | Shoals:3 | Noticed Mara
 30279 | Shoals:3 | Killed Mara
 30280 | Shoals:3 | Reached skill level 15 in Fighting
 30280 | Shoals:3 | Reached skill level 22 in Bows
 30633 | Shoals:2 | Killed Ilsuiw
 30960 | Shoals:3 | Reached skill level 16 in Fighting
 31350 | Shoals:3 | You pick up a book of Blood and begin reading...
 31529 | Shoals:4 | Entered Level 4 of the Shoals
 31870 | Shoals:4 | You pick up a book of Armaments and begin reading...
 31870 | Shoals:4 | You add the spells Stone Arrow, Animate Armour and
                  | Lehudib's Crystal Spear to your library.
 32012 | Shoals:4 | Reached skill level 17 in Fighting
 32024 | Shoals:4 | Learned a level 5 spell: Irradiate
 32030 | Shoals:4 | Learned a level 5 spell: Yara's Violent Unravelling
 32033 | Shoals:4 | Learned a level 2 spell: Wereblood
 32131 | Shoals:4 | Got a barnacled rune of Zot
 32254 | Shoals:4 | Identified the +1 leather armour "Osem" {Rampage Str-4
                  | Stlth+}
 32314 | Shoals:4 | Reached skill level 1 in Conjurations
 32341 | Shoals:4 | Reached XP level 18. HP: 119/123 MP: 20/25
 32344 | Shoals:4 | Reached skill level 1 in Spellcasting
 32397 | Shoals:4 | Reached skill level 2 in Stealth
 32397 | Shoals:4 | Reached skill level 1 in Transmutations
 32430 | Shoals:4 | Reached skill level 2 in Conjurations
 32536 | Shoals:4 | Reached skill level 2 in Spellcasting
 32943 | Shoals:4 | Reached skill level 3 in Conjurations
 33428 | Vaults:1 | Entered Level 1 of the Vaults
 33554 | Vaults:1 | Reached skill level 3 in Stealth
 33723 | Vaults:1 | Reached skill level 2 in Transmutations
 33789 | Vaults:1 | Identified the +0 pair of gloves of Shielding {Rampage
                  | Int+2}
 33789 | Vaults:1 | Noticed Nikola
 33806 | Vaults:1 | Killed Nikola
 34247 | Vaults:1 | Reached skill level 4 in Conjurations
 34592 | Vaults:1 | Reached skill level 3 in Spellcasting
 34623 | Vaults:1 | Reached skill level 4 in Stealth
 35088 | Vaults:1 | Noticed Saint Roka
 35125 | Vaults:1 | Killed Saint Roka
 35126 | Vaults:1 | Reached skill level 5 in Conjurations
 35126 | Vaults:1 | Reached skill level 3 in Transmutations
 35761 | Vaults:2 | Found Ubroikomoe's Distillery.
 35773 | Vaults:2 | Bought a potion of haste for 130 gold pieces
 35861 | Vaults:2 | Reached skill level 4 in Spellcasting
 35986 | Vaults:2 | Reached skill level 5 in Stealth
 36009 | Vaults:2 | Reached skill level 6 in Conjurations
 36009 | Vaults:2 | Reached skill level 10 in Invocations
 36009 | Vaults:2 | Reached XP level 19. HP: 128/128 MP: 27/27
 36291 | Vaults:2 | Reached skill level 4 in Transmutations
 36297 | Vaults:2 | Noticed Zenata
 36314 | Vaults:2 | Killed Zenata
 37212 | Vaults:3 | Reached skill level 16 in Dodging
 37256 | Vaults:3 | Reached skill level 7 in Conjurations
 37636 | Vaults:3 | Noticed Asterion
 37657 | Vaults:3 | Killed Asterion
 37689 | Vaults:3 | Reached skill level 5 in Spellcasting
 37693 | Vaults:3 | Reached skill level 6 in Stealth
 37899 | Vaults:3 | You pick up a book of Touch and begin reading...
 37899 | Vaults:3 | You add the spells Static Discharge, Sticky Flame and
                  | Dispel Undead to your library.
 38564 | Vaults:3 | Noticed a bone dragon
 38635 | Vaults:3 | Killed a bone dragon
 38679 | Vaults:3 | Reached skill level 5 in Transmutations
 38718 | Vaults:3 | Found a staircase to the Crypt.
 38837 | Vaults:3 | Reached skill level 8 in Conjurations
 38996 | Crypt:1  | Entered Level 1 of the Crypt
 39197 | Vaults:4 | You are cast into the Abyss!
 39197 | Vaults:4 | Cast into level 2 of the Abyss (a wizard)
 39230 | Abyss:2  | Noticed a bone dragon
 39247 | Abyss:2  | Killed a bone dragon
 39298 | Abyss:2  | Reached skill level 18 in Fighting
 39335 | Abyss:2  | Paralysed by accursed screaming for 1 turns
 39393 | Abyss:2  | Reached skill level 7 in Stealth
 39430 | Abyss:2  | Found a corrupted altar of Lugonu.
 39552 | Vaults:4 | You pass through the gate.
 39552 | Vaults:4 | Escaped the Abyss
 39556 | Vaults:4 | Reached XP level 20. HP: 135/136 MP: 29/29
 39856 | Vaults:4 | Reached skill level 11 in Invocations
 39916 | Vaults:4 | You pick up a book of the Spheres and begin reading...
 39916 | Vaults:4 | You add the spells Iskenderun's Battlesphere, Fireball,
                  | Conjure Ball Lightning and Orb of Destruction to your
                  | library.
 40006 | Vaults:4 | Acquired a ring of see invisible
 40094 | Vaults:4 | Reached skill level 9 in Conjurations
 40879 | Vaults:4 | Reached skill level 6 in Transmutations
 40882 | Vaults:4 | HP: 10/135 [war gargoyle/spray of metal splinters[a
                  | peacekeeper] (37)]
 41135 | Vaults:4 | Identified the ring "Gilix" {rN+ Will+ Dex+3 Stlth+}
 41137 | Vaults:4 | You drop a +0 eveningstar of holy wrath {macerare=g}.
 41176 | Vaults:4 | Could not pick up a +0 eveningstar of holy wrath
                  | {macerare=g} here; ([A]lways) ignore it?
 41638 | Spider:1 | You pick up a book of Lightning and begin reading...
 41638 | Spider:1 | You add the spells Lightning Bolt and Maxwell's Capacitive
                  | Coupling to your library.
 41663 | Spider:1 | HP: 42/204 [something (11)]
 41665 | Spider:1 | HP: 17/204 [moth of wrath (9)]
 41666 | Spider:1 | HP: 8/204 [wolf spider (6)]
 41666 | Spider:1 | Slain by a ghost moth

Vanquished Creatures
  Mara (Shoals:3)
  Saint Roka (Vaults:1)
  2 bone dragons
  Nikola (Vaults:1)
  Zenata (Vaults:2)
  Rupert (Spider:1)
  Asterion (Vaults:3)
  A kraken (Shoals:2)
  2 sphinxes (Vaults:3)
  Kirke (D:12)
  A tengu reaver (Vaults:4)
  Polyphemus (Shoals:3)
  Donald (Orc:2)
  Ilsuiw (Shoals:2)
  Louise (Spider:1)
  An emperor scorpion (Lair:3)
  2 orc warlords
  7 vault wardens
  5 ironbound preservers
  5 very ugly things
  4 war gargoyles
  6 ironbound thunderhulks
  A black draconian (Abyss:2)
  2 broodmothers
  5 starcursed masses (Abyss:2)
  Azrael (D:12)
  2 dire elephants (Vaults:4)
  An entropy weaver (Spider:1)
  A minotaur (Gauntlet)
  Snorg (D:13)
  5 crystal guardians
  A deep elf death mage (Vaults:4)
  4 merfolk impalers
  7 merfolk javelineers
  5 great orbs of eyes
  Josephine (D:13)
  6 vault guards
  8 yaktaur captains
  Fannar (Lair:1)
  8 boulder beetles
  2 rakshasas (Abyss:2)
  8 hydras
  2 catoblepae
  Erolcha (D:13)
  2 alligator snapping turtles
  13 centaur warriors
  3 merfolk avatars
  4 peacekeepers
  7 two-headed ogres
  17 death yaks
  7 ironbound frosthearts
  6 merfolk aquamancers
  3 satyrs
  2 thrashing horrors (Abyss:2)
  4 orc high priests (Orc:2)
  5 large abominations (Abyss:2)
  2 wretched stars (Abyss:2)
  Sonja (D:12)
  Urug (D:12)
  5 skeletal warriors
  3 glowing orange brains (Vaults:2)
  2 pharaoh ants (Spider:1)
  14 sea snakes
  20 deep trolls
  Lodul (D:12)
  2 steelbarb worms
  13 ironbound convokers
  10 harpies
  An orange crystal statue (D:13)
  A sphinx zombie (Vaults:4)
  3 necromancers
  Pikel (D:7)
  9 orc knights
  4 deep elf pyromancers
  10 lindwurms
  6 wizards
  6 orc sorcerers
  A human zombie (Vaults:4)
  10 manticores
  A worldbinder (Abyss:2)
  12 ugly things
  5 cyclopes
  A wolf spider (Spider:1)
  4 fauns (Shoals:3)
  13 merfolk sirens
  10 elephants
  2 black mambas
  7 water nymphs
  2 centaur zombies (D:15)
  2 naga magi (D:15)
  A guardian serpent (shapeshifter) (D:13)
  Joseph (D:7)
  10 vault sentinels
  An ice statue (IceCv)
  3 smoke demons (Abyss:2)
  5 gargoyles
  Maurice (D:12)
  An orange demon (Abyss:2)
  13 cane toads
  A centaur skeleton (D:15)
  An unseen horror (D:13)
  An alligator snapping turtle skeleton (Abyss:2)
  A hellion (Abyss:2)
  6 rime drakes
  6 komodo dragons
  5 efreet
  24 yaktaurs
  2 kobold demonologists
  2 demonic crawlers (Spider:1)
  An elf skeleton (Vaults:4)
  A yaktaur zombie (Vaults:4)
  An ancient zyme (Abyss:2)
  17 polar bears
  28 merfolk
  9 trolls
  5 hornets (Lair:6)
  A tarantella (Spider:1)
  12 wind drakes
  A troll (shapeshifter) (D:13)
  16 slime creatures
  13 blink frogs
  6 snapping turtles
  4 dream sheep (Shoals:1)
  5 jumping spiders
  12 spriggans (Lair:6)
  8 flying skulls (Gauntlet)
  Sigmund (D:5)
  2 centaur simulacra
  2 culicivoras (Spider:1)
  14 water elementals
  A shadow (D:9)
  6 wraiths
  5 wyverns
  A vampire (Abyss:2)
  An unseen horror simulacrum (D:9)
  An ettin skeleton (Vaults:4)
  A hog (D:12)
  55 yaks
  7 redbacks
  2 fire bats (Lair:5)
  6 steam dragons
  3 fire elementals (D:12)
  9 basilisks
  A neqoxec (Abyss:2)
  5 vampire mosquitoes
  A chaos spawn (Abyss:2)
  7 wargs
  3 acid dragons
  17 water moccasins
  A hell hound (D:12)
  37 orc warriors
  4 black bears (Lair:6)
  14 ogres
  A sky beast (D:6)
  5 boggarts
  52 wolves
  A phantom (D:6)
  A lemure (D:7)
  9 centaurs
  3 kobold brigands
  Blork the orc (D:5)
  11 bullfrogs
  2 gnoll sergeants
  4 scorpions
  3 small abominations (Abyss:2)
  A necrophage (D:7)
  9 killer bees
  A howler monkey (D:4)
  3 electric eels
  5 jellies
  A quasit (Abyss:2)
  16 orc priests
  Crazy Yiuf (D:7)
  2 hounds
  2 iguanas
  Terence (D:3)
  Ijyb (D:3)
  39 orc wizards
  A boggart skeleton (D:15)
  3 hell rats (Lair:6)
  8 gnolls
  8 adders
  An ufetubus (D:5)
  2 worms (D:2)
  A dart slug (D:1)
  112 orcs
  2 endoplasms
  2 giant cockroaches
  6 goblins
  8 hobgoblins
  20 kobolds
  3 quokkas
  9 ball pythons
  7 bats
  4 frilled lizards
  A rat (D:1)
  A ballistomycete spore (Orc:2)
  3 tentacles (Shoals:2)
1187 creatures vanquished.

Vanquished Creatures (collateral kills)
  A centaur warrior (D:14)
  A death yak (Shoals:3)
  2 ugly things
  A meliai (shapeshifter) (D:9)
  A hornet (D:9)
  2 slime creatures
  A flying skull (Gauntlet)
  A spriggan (Lair:6)
  4 yaks
  A hog (D:12)
  2 water moccasins
  A black bear (D:8)
  A wolf (IceCv)
  A centaur (D:14)
  A bullfrog (D:8)
  6 killer bees
  An orc priest (Orc:2)
  An iguana (D:5)
  A hell rat (Lair:6)
  An orc wizard (Orc:2)
  6 orcs
  2 kobolds (D:10)
  15 ballistomycete spores
54 creatures vanquished.

Vanquished Creatures (others)
  A neqoxec (Abyss:2)
  3 ballistomycete spores (Vaults:1)
  29 fungi
  132 plants
  18 tentacles (Shoals:2)
  26 withered plants (Gauntlet)
209 creatures vanquished.

Grand Total: 1450 creatures vanquished

Table legend:
 A = Non-vault XP
 B = Vault XP
 C = Vault XP percentage of total XP
 D = Non-vault monster count
 E = Vault monster count
 F = Vault count percentage of total count
                 A         B        C        D         E       F
            +---------+---------+-------+---------+---------+-------
      Total |  211147 |  220034 |  51.0 |     704 |     518 |  42.4
            +---------+---------+-------+---------+---------+-------
        D:1 |      40 |       0 |   0.0 |      17 |       0 |   0.0
        D:2 |     101 |       2 |   1.9 |      23 |       1 |   4.2
        D:3 |      42 |      71 |  62.8 |      14 |       2 |  12.5
        D:4 |     206 |       1 |   0.5 |      21 |       1 |   4.5
        D:5 |     483 |     317 |  39.6 |      10 |       2 |  16.7
        D:6 |     840 |     113 |  11.9 |      18 |       1 |   5.3
        D:7 |     565 |    1120 |  66.5 |       7 |       3 |  30.0
        D:8 |    1296 |    1023 |  44.1 |      21 |      32 |  60.4
        D:9 |    2886 |    4505 |  61.0 |      18 |      16 |  47.1
       D:10 |    2868 |    1978 |  40.8 |      38 |       8 |  17.4
       D:11 |    3175 |       0 |   0.0 |      15 |       0 |   0.0
       D:12 |    4739 |    8229 |  63.5 |      11 |      23 |  67.6
       D:13 |    7642 |    9210 |  54.7 |      14 |      18 |  56.2
       D:14 |    9210 |       0 |   0.0 |      21 |       0 |   0.0
       D:15 |    8628 |    4481 |  34.2 |      19 |      10 |  34.5
     Lair:1 |    3870 |     876 |  18.5 |      17 |       1 |   5.6
     Lair:2 |    5565 |       0 |   0.0 |      20 |       0 |   0.0
     Lair:3 |    8606 |    1269 |  12.9 |      28 |       3 |   9.7
     Lair:4 |    3976 |       0 |   0.0 |      22 |       0 |   0.0
     Lair:5 |   10660 |    5102 |  32.4 |      34 |      10 |  22.7
     Lair:6 |    8527 |    8896 |  51.1 |      31 |      47 |  60.3
   Shoals:1 |    5325 |       0 |   0.0 |      15 |       0 |   0.0
   Shoals:2 |    8538 |    3653 |  30.0 |      18 |      10 |  35.7
   Shoals:3 |   14448 |   13269 |  47.9 |      29 |      13 |  31.0
   Shoals:4 |   11761 |   24606 |  67.7 |      26 |      42 |  61.8
   Spider:1 |    5241 |    5671 |  52.0 |      14 |       7 |  33.3
      Orc:1 |    2535 |       0 |   0.0 |      23 |       0 |   0.0
      Orc:2 |    1885 |   12418 |  86.8 |      34 |      76 |  69.1
   Vaults:1 |    9640 |   29451 |  75.3 |      15 |      47 |  75.8
   Vaults:2 |   17855 |   21674 |  54.8 |      25 |      31 |  55.4
   Vaults:3 |   17511 |   23938 |  57.8 |      21 |      26 |  55.3
   Vaults:4 |   15488 |   17762 |  53.4 |      29 |      19 |  39.6
    Abyss:2 |   16995 |       0 |   0.0 |      36 |       0 |   0.0
      IceCv |       0 |   16121 | 100.0 |       0 |      57 | 100.0
   Gauntlet |       0 |    4278 | 100.0 |       0 |      12 | 100.0
            +---------+---------+-------+---------+---------+-------

Illustrated notes

Table legend:
 A = Kills in this place as a percentage of kills in entire the game.
 B = Kills by you in this place as a percentage of kills by you in the entire game.
 C = Kills by friends in this place as a percentage of kills by friends in the entire game.
 D = Other kills in this place as a percentage of other kills in the entire game.
 E = Experience gained in this place as a percentage of experience gained in the entire game.
 F = Experience gained in this place divided by the number of levels of this place that you have seen.
                   A       B       C       D       E      F
               +-------+-------+-------+-------+-------+----------------------
         Total | 100.0 | 100.0 | 100.0 | 100.0 | 100.0 | 11346.9
       Dungeon |  31.4 |  30.9 |  48.7 |   0.0 |  17.1 | 4918.1
          Lair |  17.4 |  17.4 |  17.9 |   0.0 |  13.3 | 9557.8
        Shoals |  12.5 |  12.9 |   2.6 |   0.0 |  18.9 | 20400.0
   Spider Nest |   1.7 |   1.8 |   0.0 |   0.0 |   2.5 | 10912.0
  Orcish Mines |  10.9 |  10.7 |  17.9 |   0.0 |   3.9 | 8419.0
        Vaults |  17.4 |  17.9 |   5.1 |   0.0 |  35.6 | 38329.8
         Abyss |   2.9 |   3.0 |   0.0 | 100.0 |   3.9 | 16995.0
      Ice Cave |   4.7 |   4.7 |   5.1 |   0.0 |   3.7 | 16121.0
      Gauntlet |   1.0 |   0.9 |   2.6 |   0.0 |   1.0 | 4278.0
               +-------+-------+-------+-------+-------+----------------------

Table legend: (Time is in decaauts)
 A = Elapsed time spent in this place.
 B = Non-inter-level travel time spent in this place.
 C = Inter-level travel time spent in this place.
 D = Time resting spent in this place.
 E = Time spent auto-exploring this place.
 F = Levels seen in this place.
 G = Mean time per level.
                   A        B        C        D        E       F      G
               +--------+--------+--------+--------+--------+-----+--------+
         Total |  38380 |  35871 |   2509 |   2786 |  20463 |  38 | 1010.0 |
       Dungeon |  17092 |  15932 |   1160 |   1358 |  10517 |  15 | 1139.5 |
        Temple |     33 |     21 |     12 |      0 |     15 |   1 |   33.0 |
          Lair |   5909 |   5395 |    514 |    234 |   3860 |   6 |  984.8 |
        Shoals |   4361 |   4041 |    320 |    128 |   2099 |   4 | 1090.2 |
   Spider Nest |    678 |    661 |     17 |    133 |    201 |   1 |  678.0 |
  Orcish Mines |   1960 |   1854 |    106 |    165 |   1059 |   2 |  980.0 |
        Vaults |   6729 |   6351 |    378 |    698 |   2498 |   4 | 1682.2 |
         Crypt |      1 |      1 |      0 |      0 |      0 |   1 |    1.0 |
         Abyss |    291 |    291 |      0 |      2 |      0 |   1 |  291.0 |
      Ice Cave |    945 |    945 |      0 |     65 |    160 |   1 |  945.0 |
       Volcano |     32 |     32 |      0 |      0 |      0 |   1 |   32.0 |
      Gauntlet |    343 |    343 |      0 |      0 |     51 |   1 |  343.0 |
               +--------+--------+--------+--------+--------+-----+--------+

Top non-repeatable levels by time:
Vaults:3: 1819 daAuts
Vaults:1: 1812 daAuts
    D:13: 1656 daAuts
Vaults:2: 1605 daAuts
Vaults:4: 1491 daAuts
     D:9: 1467 daAuts
Shoals:4: 1432 daAuts
     D:2: 1391 daAuts
    D:10: 1368 daAuts
     D:8: 1353 daAuts
     D:3: 1347 daAuts
   Orc:2: 1324 daAuts
  Lair:4: 1223 daAuts
    D:12: 1176 daAuts
  Lair:6: 1141 daAuts
